AoeStats
← eskitepeli

African Clearing

510590201Analyzed
3v3 RM · 13h ago on Oct 1, 2026· 36m 47s· 6 players
Game mode
Random Map
Map size
Normal (6 player)
Population
200
Speed
Normal
Resources
Standard
Victory
Conquest
Starting age
Dark Age
Ending age
Imperial Age
RankedLock teamsTeams togetherTeam positionsShared explorationLock speedFull tech treeHidden civsTurbo modeCheats
Victory
Defeat
🇹🇷 Spanish · Türkiye
1700
+3
🇹🇷 Romans · Türkiye
1232
+17
🇹🇷 Magyars · Türkiye
1061
+54
🇩🇪 Varangians · Germany
1311
-16
🇩🇪 Huns · Germany
1299
-14
🇩🇪 Vietnamese · Germany
1251
-13
tvonau95
11:44 Feudal Age
14:24 Double-Bit Axe
18:41 Loom
24:34 Castle Age
22:54 Fletching
23:05 Padded Archer Armor
25:28 Bodkin Arrow
28:40 Gold Mining
30:33 Husbandry
30:44 Bloodlines
le_bruno1907
9:58 Loom
12:37 Feudal Age
24:51 Castle Age
29:51 Double-Bit Axe
33:26 Crossbowman
Amano
11:05 Feudal Age
9:21 Loom
15:11 Castle Age
14:01 Double-Bit Axe
14:16 Horse Collar
17:01 Bow Saw
23:53 Wheelbarrow
25:47 Hand Cart
25:18 Town Watch
25:48 Bloodlines
25:39 Husbandry
25:41 Scale Mail Armor
25:49 Scale Barding Armor
25:54 Forging
26:59 Chain Barding Armor
26:59 Heavy Plow
26:51 Gold Mining
26:52 Stone Mining
28:44 Iron Casting
eskitepeli
9:15 Loom
13:57 Feudal Age
14:26 Double-Bit Axe
19:20 Castle Age
20:12 Bow Saw
21:02 Horse Collar
21:55 Heavy Plow
21:52 Gold Mining
23:23 Wheelbarrow
32:21 Hand Cart
31:51 Town Watch
32:23 Scale Mail Armor
37:16 Imperial Age
35:14 Chain Mail Armor
35:09 Forging
34:23 Man-at-Arms
35:21 Long Swordsman
36:02 Squires
36:59 Stone Mining
Minaqua
10:06 Loom
12:22 Feudal Age
16:10 Castle Age
14:09 Double-Bit Axe
16:26 Horse Collar
23:11 Padded Archer Armor
26:03 Wheelbarrow
27:13 Leather Archer Armor
28:30 Bloodlines
30:21 Bow Saw
30:29 Husbandry
36:25 Imperial Age
35:01 Gold Mining
35:12 Heavy Plow
35:04 Stone Mining
36:52 Hand Cart
36:32 Elite Conquistador
fenrirr
9:58 Loom
15:22 Feudal Age
21:07 Castle Age
19:55 Double-Bit Axe
20:43 Horse Collar
29:19 Bow Saw
29:52 Heavy Plow
31:29 Bloodlines
31:20 Husbandry
31:57 Husbandry
32:31 Scale Barding Armor
35:06 Chain Barding Armor
Connection lost

Rejoining the realm…

Still unreachable

The connection could not be restored.

Session expired

The server has moved on; the page needs a fresh start.